[ PARTIDA AOE2 · #482794939 ]
UnrankedGodos vs Franks
[ ANÁLISIS DE REPETICIÓN · EXTRAÍDO DE LA PARTIDA GRABADA ]
Feudal
—
Castillos
—
Imperial
—
| APM promedio | 64.6 |
| APM pico | 195 |
| eAPM promedio | 63.8 |
| Aldeanos / militares | 480 / 3917 |
Foco
⚔️ 72.5% · 🌾 27.5%
Spearman ×885 · Knight ×783 · Huskarl ×665 · Hand Cannoneer ×320 · Cavalry Archer ×305 · Scorpion ×300
Feudal
—
Castillos
—
Imperial
—
| APM promedio | 20.8 |
| APM pico | 79 |
| eAPM promedio | 20.3 |
| Aldeanos / militares | 361 / 1350 |
Foco
⚔️ 52.1% · 🌾 47.9%
Knight ×480 · Longbowman ×420 · Mangonel ×215 · Scorpion ×165 · Trade Cart ×115 · Battering Ram ×70
Feudal
—
Castillos
—
Imperial
—
| APM promedio | 34.6 |
| APM pico | 131 |
| eAPM promedio | 32.9 |
| Aldeanos / militares | 314 / 2486 |
Foco
⚔️ 60.7% · 🌾 39.3%
Knight ×1444 · Throwing Axeman ×626 · Trade Cart ×176 · Mangonel ×126 · Scorpion ×120 · Battering Ram ×115
Feudal
—
Castillos
—
Imperial
—
| APM promedio | 40.1 |
| APM pico | 151 |
| eAPM promedio | 36.6 |
| Aldeanos / militares | 267 / 2424 |
Foco
⚔️ 46.0% · 🌾 54.0%
Obuch ×1019 · Knight ×529 · Mangonel ×340 · Scorpion ×221 · Bombard Cannon ×160 · Trade Cart ×110
Feudal
—
Castillos
—
Imperial
—
| APM promedio | 34.6 |
| APM pico | 153 |
| eAPM promedio | 32.5 |
| Aldeanos / militares | 442 / 1449 |
Foco
⚔️ 68.0% · 🌾 32.0%
Unknown (2550) ×2652 · Kamayuk ×1150 · Spearman ×259 · Trade Cart ×115 · Battering Ram ×40
Feudal
—
Castillos
—
Imperial
—
| APM promedio | 25.2 |
| APM pico | 63 |
| eAPM promedio | 21.9 |
| Aldeanos / militares | 250 / 2210 |
Foco
⚔️ 61.5% · 🌾 38.5%
Scout Cavalry ×735 · Knight ×515 · Spearman ×337 · Militia ×277 · Hussite Wagon ×265 · Trade Cart ×105
Feudal
—
Castillos
—
Imperial
—
| APM promedio | 28.6 |
| APM pico | 78 |
| eAPM promedio | 28.2 |
| Aldeanos / militares | 435 / 552 |
Foco
⚔️ 70.5% · 🌾 29.5%
Unknown (1944) ×1510 · Unknown (1949) ×1045 · Scorpion ×341 · Mangonel ×210 · Unknown (1942) ×174 · Trade Cart ×160
Feudal
—
Castillos
—
Imperial
—
| APM promedio | 39.7 |
| APM pico | 147 |
| eAPM promedio | 36.4 |
| Aldeanos / militares | 410 / 1927 |
Foco
⚔️ 57.1% · 🌾 42.9%
Battle Elephant ×1503 · Ballista Elephant ×389 · Trade Cart ×102 · Scorpion ×25 · Mangonel ×10
Mapa de la partida
Recursos iniciales + cada clic de construcción. Líneas = muros · curvas = relieve. ◆ oro · ⬟ piedra · ● bayas · ✦ reliquia · ◌ hueco del cierre
Tu base· ✓ Separados por el mapa
Base de muendo· ✓ Separados por el mapa
Base de rushwarwarrior· ✓ Separados por el mapa
Base de Ecbert· ✓ Separados por el mapa
Base de DLR_YOYO· ✓ Separados por el mapa
Base de Leonardo· ✓ Separados por el mapa
Base de Val· ✓ Separados por el mapa
Base de Kibar Feyzo· ✓ Separados por el mapa
Terreno inicial suavizado · ◌ = hueco del cierre detectado · pasá el cursor para detalles
Inputs por minuto
— V N D I S P V T E D - - muendo
Build order — V N D I S P V T E D
Primeras 150 de 1511 acciones detectadas
| 0:05 | Construir | Market |
| 0:06 | Crear | Villager (Male) ×5 |
| 0:06 | Crear | Villager (Male) ×5 |
| 0:06 | Crear | Villager (Male) ×5 |
| 0:23 | Construir | Town Center |
| 0:24 | Construir | Town Center |
| 0:25 | Construir | Town Center |
| 0:27 | Construir | Town Center |
| 0:28 | Construir | Town Center |
| 0:28 | Construir | Town Center |
| 0:30 | Construir | Town Center |
| 0:31 | Construir | Town Center |
| 0:32 | Construir | Town Center |
| 0:34 | Construir | Town Center |
| 0:34 | Construir | Town Center |
| 0:35 | Construir | Town Center |
| 0:37 | Construir | Town Center |
| 0:37 | Construir | Town Center |
| 0:38 | Construir | Town Center |
| 0:40 | Construir | Town Center |
| 0:41 | Construir | Town Center |
| 0:41 | Construir | Town Center |
| 0:43 | Construir | Town Center |
| 0:44 | Construir | Town Center |
| 0:45 | Construir | Town Center |
| 0:47 | Construir | Town Center |
| 0:48 | Construir | Town Center |
| 0:49 | Construir | Town Center |
| 0:50 | Construir | Town Center |
| 0:52 | Construir | Town Center |
| 0:53 | Construir | Town Center |
| 0:55 | Construir | Town Center |
| 0:56 | Construir | Town Center |
| 0:56 | Construir | Town Center |
| 0:58 | Construir | Town Center |
| 0:59 | Construir | Town Center |
| 0:59 | Construir | Town Center |
| 1:02 | Construir | Town Center |
| 1:04 | Construir | Town Center |
| 1:05 | Construir | Town Center |
| 1:06 | Construir | Town Center |
| 1:07 | Crear | Villager (Male) ×2 |
| 1:21 | Crear | Villager (Male) |
| 1:26 | Construir | House |
| 1:26 | Construir | House |
| 1:26 | Construir | House |
| 1:26 | Construir | House |
| 1:26 | Construir | House |
| 1:26 | Construir | House |
| 1:26 | Construir | House |
| 1:26 | Construir | House |
| 1:26 | Construir | House |
| 1:26 | Construir | House |
| 1:26 | Construir | House |
| 1:26 | Construir | House |
| 1:27 | Construir | House |
| 1:27 | Construir | House |
| 1:27 | Construir | House |
| 1:27 | Construir | House |
| 1:27 | Construir | House |
| 1:27 | Construir | House |
| 1:27 | Construir | House |
| 1:27 | Construir | House |
| 1:27 | Construir | House |
| 1:27 | Construir | House |
| 1:27 | Construir | House |
| 1:27 | Construir | House |
| 1:27 | Construir | House |
| 1:28 | Construir | House |
| 1:29 | Construir | House |
| 1:29 | Construir | House |
| 1:29 | Construir | House |
| 1:29 | Construir | House |
| 1:29 | Construir | House |
| 1:29 | Construir | House |
| 1:29 | Construir | House |
| 1:29 | Construir | House |
| 1:29 | Construir | House |
| 1:29 | Construir | House |
| 1:29 | Construir | House |
| 1:29 | Construir | House |
| 1:29 | Construir | House |
| 1:29 | Construir | House |
| 1:29 | Construir | House |
| 1:30 | Construir | House |
| 1:30 | Construir | House |
| 1:32 | Construir | House |
| 1:32 | Construir | House |
| 1:32 | Construir | House |
| 1:32 | Construir | House |
| 1:32 | Construir | House |
| 1:33 | Construir | House |
| 1:33 | Construir | House |
| 1:33 | Construir | House |
| 1:33 | Construir | House |
| 1:33 | Construir | House |
| 1:34 | Construir | House |
| 1:34 | Construir | House |
| 1:34 | Construir | House |
| 1:34 | Construir | House |
| 1:34 | Construir | House |
| 1:48 | Crear | Villager (Male) ×5 |
| 1:48 | Crear | Villager (Male) ×5 |
| 1:49 | Crear | Villager (Male) ×5 |
| 1:49 | Crear | Villager (Male) ×5 |
| 1:49 | Crear | Villager (Male) ×5 |
| 1:49 | Crear | Villager (Male) ×5 |
| 1:50 | Crear | Villager (Male) ×5 |
| 1:55 | Construir | House |
| 1:55 | Construir | House |
| 1:55 | Construir | House |
| 1:55 | Construir | House |
| 1:55 | Construir | House |
| 1:55 | Construir | House |
| 1:55 | Construir | House |
| 1:55 | Construir | House |
| 1:56 | Construir | House |
| 1:56 | Construir | House |
| 1:56 | Construir | House |
| 1:56 | Construir | House |
| 1:56 | Construir | House |
| 1:56 | Construir | House |
| 1:56 | Construir | House |
| 1:56 | Construir | House |
| 1:56 | Construir | House |
| 1:56 | Construir | House |
| 1:58 | Construir | House |
| 1:58 | Construir | House |
| 1:58 | Construir | House |
| 1:58 | Construir | House |
| 1:58 | Construir | House |
| 1:58 | Construir | House |
| 1:58 | Construir | House |
| 1:59 | Construir | House |
| 1:59 | Construir | House |
| 1:59 | Construir | House |
| 1:59 | Construir | House |
| 1:59 | Construir | House |
| 1:59 | Construir | House |
| 1:59 | Construir | House |
| 1:59 | Construir | House |
| 1:59 | Construir | House |
| 1:59 | Construir | House |
| 1:59 | Construir | House |
| 2:00 | Crear | Villager (Male) ×5 |
| 2:01 | Crear | Villager (Male) ×5 |
| 2:01 | Crear | Villager (Male) ×5 |
| 2:01 | Crear | Villager (Male) ×5 |
| 2:02 | Crear | Villager (Male) ×5 |
| 2:02 | Crear | Villager (Male) ×5 |
Build order — muendo
Primeras 150 de 777 acciones detectadas
| 0:10 | Crear | Villager (Male) ×5 |
| 0:10 | Crear | Villager (Male) ×5 |
| 0:10 | Crear | Villager (Male) ×5 |
| 0:10 | Crear | Villager (Male) ×5 |
| 0:10 | Crear | Villager (Male) ×5 |
| 0:18 | Construir | Town Center |
| 0:18 | Construir | Town Center |
| 0:19 | Construir | Town Center |
| 0:19 | Construir | Town Center |
| 0:20 | Construir | Town Center |
| 0:22 | Construir | Town Center |
| 0:22 | Construir | Town Center |
| 0:23 | Construir | Town Center |
| 0:23 | Construir | Town Center |
| 0:23 | Construir | Town Center |
| 0:24 | Construir | Town Center |
| 0:24 | Construir | Town Center |
| 0:25 | Construir | Town Center |
| 0:29 | Construir | Town Center |
| 0:29 | Construir | Town Center |
| 0:30 | Construir | Town Center |
| 0:31 | Construir | Town Center |
| 0:31 | Construir | Town Center |
| 0:32 | Construir | Town Center |
| 0:32 | Construir | Town Center |
| 0:33 | Construir | Town Center |
| 0:33 | Construir | Town Center |
| 0:34 | Construir | Town Center |
| 0:36 | Construir | Town Center |
| 0:37 | Construir | Town Center |
| 0:38 | Construir | Town Center |
| 0:41 | Construir | Town Center |
| 0:42 | Construir | Town Center |
| 0:42 | Construir | Town Center |
| 0:42 | Construir | Town Center |
| 0:43 | Construir | Town Center |
| 0:43 | Construir | Town Center |
| 0:43 | Construir | Town Center |
| 0:47 | Construir | Town Center |
| 0:47 | Construir | Town Center |
| 0:47 | Construir | Town Center |
| 0:48 | Construir | Town Center |
| 0:48 | Construir | Town Center |
| 0:51 | Construir | Town Center |
| 1:04 | Crear | Villager (Male) ×5 |
| 1:04 | Crear | Villager (Male) ×5 |
| 1:05 | Crear | Villager (Male) ×5 |
| 1:05 | Crear | Villager (Male) ×5 |
| 1:05 | Crear | Villager (Male) ×5 |
| 1:05 | Crear | Villager (Male) ×5 |
| 1:06 | Crear | Villager (Male) ×2 |
| 1:28 | Construir | Market |
| 1:29 | Construir | Market |
| 1:29 | Construir | Market |
| 1:30 | Construir | Market |
| 1:30 | Construir | Market |
| 1:30 | Construir | Market |
| 1:31 | Construir | Market |
| 1:31 | Construir | Market |
| 1:36 | Construir | Market |
| 1:36 | Construir | Market |
| 1:36 | Construir | Market |
| 1:37 | Construir | Market |
| 1:37 | Construir | Market |
| 1:38 | Construir | Market |
| 1:38 | Construir | Market |
| 1:38 | Construir | Market |
| 1:41 | Construir | Market |
| 1:42 | Construir | Market |
| 1:42 | Construir | Market |
| 1:42 | Construir | Market |
| 1:43 | Construir | Market |
| 1:43 | Construir | Market |
| 1:43 | Construir | Market |
| 1:44 | Construir | Market |
| 1:45 | Construir | Market |
| 2:16 | Crear | Villager (Male) ×5 |
| 2:17 | Crear | Villager (Male) ×5 |
| 2:17 | Crear | Villager (Male) ×5 |
| 2:17 | Crear | Villager (Male) ×5 |
| 2:18 | Crear | Villager (Male) ×5 |
| 2:18 | Crear | Villager (Male) ×5 |
| 2:18 | Crear | Villager (Male) ×5 |
| 2:18 | Crear | Villager (Male) ×5 |
| 2:19 | Crear | Villager (Male) ×5 |
| 2:19 | Crear | Villager (Male) ×5 |
| 2:19 | Crear | Villager (Male) ×5 |
| 2:19 | Crear | Villager (Male) ×5 |
| 2:20 | Crear | Villager (Male) ×5 |
| 2:20 | Crear | Villager (Male) ×5 |
| 2:20 | Crear | Villager (Male) ×5 |
| 2:21 | Crear | Villager (Male) ×5 |
| 2:21 | Crear | Villager (Male) ×5 |
| 2:21 | Crear | Villager (Male) ×4 |
| 2:39 | Crear | Villager (Male) ×5 |
| 2:40 | Crear | Villager (Male) ×5 |
| 2:40 | Crear | Villager (Male) ×5 |
| 2:40 | Crear | Villager (Male) ×5 |
| 2:41 | Crear | Villager (Male) ×5 |
| 2:41 | Crear | Villager (Male) ×5 |
| 3:01 | Construir | House |
| 3:02 | Construir | House |
| 3:02 | Construir | House |
| 3:02 | Construir | House |
| 3:03 | Construir | House |
| 3:03 | Construir | House |
| 3:04 | Construir | House |
| 3:04 | Construir | House |
| 3:04 | Construir | House |
| 3:05 | Construir | House |
| 3:13 | Crear | Villager (Male) ×5 |
| 3:13 | Crear | Villager (Male) ×5 |
| 3:14 | Crear | Villager (Male) ×5 |
| 3:14 | Crear | Villager (Male) ×5 |
| 3:14 | Crear | Villager (Male) ×5 |
| 3:14 | Crear | Villager (Male) ×5 |
| 3:15 | Crear | Villager (Male) ×5 |
| 3:15 | Crear | Villager (Male) ×5 |
| 3:15 | Crear | Villager (Male) ×5 |
| 4:13 | Construir | Mining Camp |
| 4:41 | Construir | Lumber Camp |
| 4:48 | Construir | Lumber Camp |
| 4:53 | Construir | Lumber Camp |
| 5:01 | Construir | Lumber Camp |
| 5:07 | Construir | Lumber Camp |
| 5:11 | Construir | Lumber Camp |
| 5:17 | Construir | Lumber Camp |
| 5:23 | Crear | Villager (Male) ×5 |
| 5:23 | Crear | Villager (Male) ×5 |
| 5:24 | Crear | Villager (Male) ×5 |
| 5:24 | Crear | Villager (Male) ×5 |
| 5:24 | Crear | Villager (Male) ×5 |
| 5:25 | Crear | Villager (Male) ×5 |
| 5:25 | Crear | Villager (Male) ×5 |
| 5:25 | Crear | Villager (Male) ×5 |
| 5:25 | Crear | Villager (Male) ×5 |
| 5:26 | Crear | Villager (Male) ×5 |
| 5:26 | Crear | Villager (Male) ×5 |
| 5:26 | Crear | Villager (Male) ×5 |
| 5:27 | Crear | Villager (Male) ×5 |
| 5:27 | Crear | Villager (Male) ×5 |
| 5:27 | Crear | Villager (Male) ×5 |
| 5:28 | Crear | Villager (Male) ×5 |
| 5:28 | Crear | Villager (Male) ×5 |
| 5:28 | Crear | Villager (Male) ×5 |
| 5:29 | Crear | Villager (Male) ×5 |
| 5:29 | Crear | Villager (Male) ×5 |
| 5:29 | Crear | Villager (Male) ×5 |
| 6:07 | Construir | Lumber Camp |
| 6:11 | Construir | Lumber Camp |
Build order — rushwarwarrior
Primeras 150 de 1023 acciones detectadas
| 0:07 | Crear | Villager (Male) ×5 |
| 0:07 | Crear | Villager (Male) ×5 |
| 0:08 | Crear | Villager (Male) ×5 |
| 0:08 | Crear | Villager (Male) ×5 |
| 0:12 | Construir | Town Center |
| 0:13 | Construir | Town Center |
| 0:14 | Construir | Town Center |
| 0:17 | Construir | Town Center |
| 0:18 | Construir | Town Center |
| 0:19 | Construir | Town Center |
| 0:21 | Construir | Town Center |
| 0:23 | Construir | Town Center |
| 0:24 | Construir | Town Center |
| 0:30 | Construir | Town Center |
| 0:31 | Construir | Town Center |
| 0:33 | Construir | Town Center |
| 0:37 | Construir | Town Center |
| 0:39 | Construir | Town Center |
| 0:40 | Construir | Town Center |
| 0:44 | Construir | Town Center |
| 0:45 | Construir | Town Center |
| 0:46 | Construir | Town Center |
| 0:48 | Construir | Town Center |
| 0:49 | Construir | Town Center |
| 0:50 | Construir | Town Center |
| 0:54 | Construir | Town Center |
| 0:55 | Construir | Town Center |
| 0:56 | Construir | Town Center |
| 1:05 | Construir | Town Center |
| 1:07 | Construir | Town Center |
| 1:08 | Construir | Town Center |
| 1:11 | Crear | Villager (Male) ×2 |
| 1:11 | Crear | Villager (Male) ×2 |
| 1:21 | Construir | Market |
| 1:32 | Construir | House |
| 1:34 | Construir | House |
| 1:34 | Construir | House |
| 1:35 | Construir | House |
| 1:36 | Construir | House |
| 1:36 | Construir | House |
| 1:37 | Construir | House |
| 1:37 | Construir | House |
| 1:37 | Construir | House |
| 1:39 | Construir | House |
| 1:39 | Construir | House |
| 1:40 | Construir | House |
| 1:40 | Construir | House |
| 1:42 | Construir | House |
| 1:42 | Construir | House |
| 1:50 | Construir | House |
| 1:51 | Construir | House |
| 1:51 | Construir | House |
| 1:52 | Construir | House |
| 1:52 | Construir | House |
| 1:53 | Construir | House |
| 1:54 | Construir | House |
| 1:55 | Construir | House |
| 1:56 | Construir | House |
| 1:56 | Construir | House |
| 1:57 | Construir | House |
| 1:57 | Construir | House |
| 1:58 | Construir | House |
| 1:59 | Crear | Villager (Male) ×5 |
| 2:00 | Crear | Villager (Male) ×5 |
| 2:00 | Crear | Villager (Male) ×5 |
| 2:00 | Crear | Villager (Male) ×5 |
| 2:01 | Crear | Villager (Male) ×5 |
| 2:01 | Crear | Villager (Male) ×5 |
| 2:01 | Crear | Villager (Male) ×5 |
| 2:02 | Crear | Villager (Male) ×5 |
| 2:02 | Crear | Villager (Male) ×5 |
| 2:02 | Crear | Villager (Male) ×5 |
| 2:03 | Crear | Villager (Male) ×5 |
| 2:03 | Crear | Villager (Male) ×5 |
| 2:03 | Crear | Villager (Male) ×5 |
| 2:04 | Crear | Villager (Male) ×5 |
| 2:04 | Crear | Villager (Male) ×5 |
| 2:05 | Crear | Villager (Male) ×5 |
| 2:05 | Crear | Villager (Male) ×5 |
| 2:05 | Crear | Villager (Male) ×5 |
| 2:17 | Construir | House |
| 2:17 | Construir | House |
| 2:19 | Construir | House |
| 2:21 | Construir | House |
| 2:22 | Construir | House |
| 2:23 | Construir | House |
| 2:23 | Construir | House |
| 2:24 | Construir | House |
| 2:26 | Construir | House |
| 2:26 | Construir | House |
| 2:27 | Construir | House |
| 2:28 | Construir | House |
| 2:31 | Construir | House |
| 2:31 | Construir | House |
| 2:31 | Construir | House |
| 2:32 | Construir | House |
| 2:32 | Construir | House |
| 2:34 | Construir | House |
| 2:34 | Construir | House |
| 2:35 | Construir | House |
| 2:35 | Construir | House |
| 2:36 | Construir | House |
| 2:37 | Construir | House |
| 2:38 | Construir | House |
| 2:38 | Construir | House |
| 3:00 | Construir | House |
| 3:01 | Construir | House |
| 3:01 | Construir | House |
| 3:02 | Construir | House |
| 3:03 | Construir | House |
| 3:03 | Construir | House |
| 3:04 | Construir | House |
| 3:05 | Construir | House |
| 3:05 | Construir | House |
| 3:06 | Construir | House |
| 3:06 | Construir | House |
| 3:07 | Construir | House |
| 3:08 | Construir | House |
| 3:08 | Construir | House |
| 3:12 | Construir | House |
| 3:12 | Construir | House |
| 3:13 | Construir | House |
| 3:13 | Construir | House |
| 3:14 | Construir | House |
| 3:14 | Construir | House |
| 3:15 | Construir | House |
| 3:16 | Construir | House |
| 3:17 | Construir | House |
| 3:17 | Construir | House |
| 3:18 | Construir | House |
| 3:18 | Construir | House |
| 3:19 | Construir | House |
| 3:19 | Construir | House |
| 3:28 | Construir | Market |
| 3:28 | Construir | Market |
| 3:29 | Construir | Market |
| 3:29 | Construir | Market |
| 3:29 | Construir | Market |
| 3:30 | Construir | Market |
| 3:30 | Construir | Market |
| 3:30 | Construir | Market |
| 3:31 | Construir | Market |
| 3:31 | Construir | Market |
| 3:32 | Construir | Market |
| 3:32 | Construir | Market |
| 3:33 | Construir | Market |
| 3:34 | Construir | Market |
| 3:35 | Construir | Market |
| 3:35 | Construir | Market |
| 3:36 | Construir | Market |
Build order — Ecbert
Primeras 150 de 979 acciones detectadas
| 0:03 | Crear | Villager (Male) |
| 0:04 | Crear | Villager (Male) |
| 0:04 | Crear | Villager (Male) |
| 0:04 | Crear | Villager (Male) |
| 0:04 | Crear | Villager (Male) |
| 0:05 | Crear | Villager (Male) |
| 0:11 | Construir | Town Center |
| 0:11 | Construir | Town Center |
| 0:12 | Construir | Town Center |
| 0:12 | Construir | Town Center |
| 0:13 | Construir | Town Center |
| 0:13 | Construir | Town Center |
| 0:13 | Construir | Town Center |
| 0:14 | Construir | Town Center |
| 0:14 | Construir | Town Center |
| 0:14 | Construir | Town Center |
| 0:14 | Construir | Town Center |
| 0:15 | Construir | Town Center |
| 0:15 | Construir | Town Center |
| 0:15 | Construir | Town Center |
| 0:16 | Construir | Town Center |
| 0:16 | Construir | Town Center |
| 0:16 | Construir | Town Center |
| 0:17 | Construir | Town Center |
| 0:18 | Construir | Town Center |
| 0:18 | Construir | Town Center |
| 0:18 | Construir | Town Center |
| 0:19 | Construir | Town Center |
| 0:19 | Construir | Town Center |
| 0:19 | Construir | Town Center |
| 0:21 | Construir | Town Center |
| 0:21 | Construir | Town Center |
| 0:22 | Construir | Town Center |
| 0:23 | Construir | Town Center |
| 0:23 | Construir | Town Center |
| 0:23 | Construir | Town Center |
| 0:24 | Construir | Town Center |
| 0:24 | Construir | Town Center |
| 0:24 | Construir | Town Center |
| 0:25 | Construir | Town Center |
| 0:26 | Construir | Town Center |
| 0:26 | Construir | Town Center |
| 0:36 | Crear | Villager (Male) ×5 |
| 0:36 | Crear | Villager (Male) ×5 |
| 0:36 | Crear | Villager (Male) ×5 |
| 0:58 | Construir | Market |
| 1:00 | Construir | Market |
| 1:01 | Construir | Market |
| 1:02 | Construir | Market |
| 1:04 | Construir | Market |
| 1:05 | Construir | Market |
| 1:06 | Construir | Market |
| 1:08 | Construir | Market |
| 1:10 | Construir | Market |
| 1:13 | Construir | Market |
| 1:14 | Construir | Market |
| 1:17 | Construir | Market |
| 1:18 | Construir | Market |
| 1:24 | Construir | Market |
| 1:36 | Crear | Villager (Male) ×5 |
| 1:36 | Crear | Villager (Male) ×5 |
| 1:36 | Crear | Villager (Male) ×5 |
| 1:37 | Crear | Villager (Male) ×5 |
| 1:37 | Crear | Villager (Male) ×5 |
| 1:37 | Crear | Villager (Male) ×5 |
| 1:37 | Crear | Villager (Male) ×5 |
| 1:49 | Crear | Villager (Male) ×5 |
| 1:49 | Crear | Villager (Male) ×5 |
| 1:49 | Crear | Villager (Male) ×5 |
| 1:49 | Crear | Villager (Male) ×5 |
| 2:09 | Construir | House |
| 2:10 | Construir | House |
| 2:13 | Construir | House |
| 2:15 | Construir | House |
| 2:19 | Construir | House |
| 2:20 | Construir | House |
| 2:27 | Construir | House |
| 2:28 | Construir | House |
| 2:32 | Construir | House |
| 2:33 | Construir | House |
| 2:35 | Construir | House |
| 2:36 | Construir | House |
| 2:38 | Construir | House |
| 2:39 | Construir | House |
| 2:41 | Construir | House |
| 2:42 | Construir | House |
| 2:52 | Crear | Villager (Male) ×5 |
| 2:53 | Crear | Villager (Male) ×5 |
| 2:53 | Crear | Villager (Male) ×5 |
| 2:53 | Crear | Villager (Male) ×5 |
| 3:29 | Construir | Mining Camp |
| 3:32 | Crear | Villager (Male) ×5 |
| 3:32 | Crear | Villager (Male) ×5 |
| 3:33 | Crear | Villager (Male) ×5 |
| 3:33 | Crear | Villager (Male) ×5 |
| 3:33 | Crear | Villager (Male) |
| 3:51 | Crear | Trade Cart ×5 |
| 3:51 | Crear | Trade Cart ×5 |
| 3:52 | Crear | Trade Cart ×5 |
| 3:52 | Crear | Trade Cart ×5 |
| 3:52 | Crear | Trade Cart ×5 |
| 4:03 | Construir | Lumber Camp |
| 4:06 | Construir | Lumber Camp |
| 4:08 | Construir | Mining Camp |
| 4:10 | Construir | Mining Camp |
| 4:20 | Construir | House |
| 4:21 | Construir | House |
| 4:22 | Construir | House |
| 4:23 | Construir | House |
| 4:24 | Construir | House |
| 4:25 | Construir | House |
| 4:26 | Construir | House |
| 4:27 | Construir | House |
| 4:28 | Construir | House |
| 4:29 | Construir | House |
| 4:29 | Construir | House |
| 4:30 | Construir | House |
| 4:31 | Construir | House |
| 4:32 | Construir | House |
| 4:35 | Construir | Mining Camp |
| 4:42 | Crear | Villager (Male) ×5 |
| 4:43 | Crear | Villager (Male) ×5 |
| 4:43 | Crear | Villager (Male) ×5 |
| 4:43 | Crear | Villager (Male) ×5 |
| 4:43 | Crear | Villager (Male) ×5 |
| 4:44 | Crear | Villager (Male) ×5 |
| 4:44 | Crear | Villager (Male) ×5 |
| 4:44 | Crear | Villager (Male) ×5 |
| 4:44 | Crear | Villager (Male) ×5 |
| 4:46 | Crear | Trade Cart ×5 |
| 4:46 | Crear | Trade Cart ×5 |
| 4:46 | Crear | Trade Cart ×5 |
| 4:47 | Crear | Trade Cart ×5 |
| 4:47 | Crear | Trade Cart ×5 |
| 4:47 | Crear | Trade Cart ×5 |
| 5:06 | Construir | Lumber Camp |
| 5:09 | Crear | Villager (Male) ×5 |
| 5:10 | Crear | Villager (Male) ×5 |
| 5:10 | Crear | Villager (Male) ×5 |
| 5:10 | Crear | Villager (Male) ×5 |
| 5:18 | Construir | Lumber Camp |
| 5:35 | Crear | Villager (Male) ×5 |
| 5:35 | Crear | Villager (Male) ×5 |
| 5:36 | Crear | Villager (Male) ×5 |
| 5:36 | Crear | Villager (Male) ×5 |
| 5:37 | Crear | Trade Cart ×5 |
| 5:38 | Crear | Trade Cart ×5 |
| 5:38 | Crear | Trade Cart ×5 |
| 5:38 | Crear | Trade Cart ×5 |
| 5:39 | Crear | Trade Cart ×5 |
Build order — DLR_YOYO
Primeras 150 de 1315 acciones detectadas
| 0:08 | Construir | Town Center |
| 0:10 | Construir | Town Center |
| 0:11 | Construir | Town Center |
| 0:13 | Construir | Town Center |
| 0:14 | Construir | Town Center |
| 0:15 | Construir | Town Center |
| 0:17 | Construir | Town Center |
| 0:20 | Construir | Town Center |
| 0:20 | Construir | Town Center |
| 0:21 | Construir | Town Center |
| 0:23 | Construir | Town Center |
| 0:24 | Construir | Town Center |
| 0:25 | Construir | Town Center |
| 0:28 | Construir | Town Center |
| 0:29 | Construir | Town Center |
| 0:30 | Construir | Town Center |
| 0:35 | Crear | Villager (Male) ×5 |
| 0:35 | Crear | Villager (Male) ×5 |
| 0:35 | Crear | Villager (Male) ×5 |
| 0:36 | Crear | Villager (Male) ×5 |
| 0:36 | Crear | Villager (Male) ×5 |
| 0:37 | Crear | Villager (Male) ×5 |
| 0:47 | Construir | Market |
| 2:44 | Crear | Villager (Male) ×5 |
| 2:44 | Crear | Villager (Male) ×5 |
| 2:45 | Crear | Villager (Male) ×5 |
| 2:45 | Crear | Villager (Male) ×5 |
| 2:46 | Crear | Villager (Male) ×5 |
| 2:46 | Crear | Villager (Male) ×5 |
| 2:46 | Crear | Villager (Male) ×5 |
| 2:47 | Crear | Villager (Male) ×5 |
| 2:47 | Crear | Villager (Male) ×5 |
| 2:48 | Crear | Villager (Male) ×5 |
| 2:48 | Crear | Villager (Male) ×5 |
| 2:48 | Crear | Villager (Male) ×5 |
| 3:07 | Crear | Villager (Male) ×5 |
| 3:08 | Crear | Villager (Male) ×5 |
| 3:08 | Crear | Villager (Male) ×5 |
| 3:08 | Crear | Villager (Male) ×5 |
| 3:29 | Construir | Stone Wall |
| 3:40 | Crear | Villager (Male) ×5 |
| 3:40 | Crear | Villager (Male) ×5 |
| 3:41 | Crear | Villager (Male) ×5 |
| 3:41 | Crear | Villager (Male) ×5 |
| 3:42 | Crear | Villager (Male) ×5 |
| 3:42 | Crear | Villager (Male) ×5 |
| 3:42 | Crear | Villager (Male) ×5 |
| 3:43 | Crear | Villager (Male) ×5 |
| 3:43 | Crear | Villager (Male) ×5 |
| 3:44 | Crear | Villager (Male) ×5 |
| 3:44 | Crear | Villager (Male) ×5 |
| 3:44 | Crear | Villager (Male) ×5 |
| 3:45 | Crear | Villager (Male) ×5 |
| 3:45 | Crear | Villager (Male) ×5 |
| 3:46 | Crear | Villager (Male) ×5 |
| 3:46 | Crear | Villager (Male) ×5 |
| 3:47 | Crear | Villager (Male) ×5 |
| 3:47 | Crear | Villager (Male) ×5 |
| 3:48 | Crear | Villager (Male) ×5 |
| 3:48 | Crear | Villager (Male) ×5 |
| 3:49 | Crear | Villager (Male) ×5 |
| 3:49 | Crear | Villager (Male) ×5 |
| 3:49 | Crear | Villager (Male) ×5 |
| 3:50 | Crear | Villager (Male) ×2 |
| 4:02 | Construir | Gate |
| 4:17 | Construir | Gate |
| 4:28 | Crear | Villager (Male) ×5 |
| 4:29 | Crear | Villager (Male) ×5 |
| 4:29 | Crear | Villager (Male) ×5 |
| 4:48 | Construir | Settlement |
| 5:13 | Construir | Settlement |
| 5:20 | Construir | Settlement |
| 5:27 | Construir | Settlement |
| 5:33 | Crear | Villager (Male) ×5 |
| 5:34 | Crear | Villager (Male) ×5 |
| 5:34 | Crear | Villager (Male) ×5 |
| 5:35 | Crear | Villager (Male) ×5 |
| 5:35 | Crear | Villager (Male) ×5 |
| 5:35 | Crear | Villager (Male) ×5 |
| 5:36 | Crear | Villager (Male) ×5 |
| 5:36 | Crear | Villager (Male) ×5 |
| 5:37 | Crear | Villager (Male) ×5 |
| 5:37 | Crear | Villager (Male) ×5 |
| 5:37 | Crear | Villager (Male) ×5 |
| 5:38 | Crear | Villager (Male) ×5 |
| 5:39 | Crear | Villager (Male) ×5 |
| 5:39 | Crear | Villager (Male) ×5 |
| 5:40 | Crear | Villager (Male) ×5 |
| 5:45 | Construir | House |
| 5:46 | Construir | House |
| 5:47 | Construir | House |
| 5:48 | Construir | House |
| 5:49 | Construir | House |
| 5:50 | Construir | House |
| 5:51 | Construir | House |
| 5:55 | Construir | House |
| 5:56 | Construir | House |
| 5:57 | Construir | House |
| 5:58 | Construir | House |
| 6:00 | Construir | House |
| 6:01 | Construir | House |
| 6:03 | Construir | House |
| 6:04 | Construir | House |
| 6:08 | Construir | House |
| 6:09 | Construir | House |
| 6:10 | Construir | House |
| 6:11 | Construir | House |
| 6:13 | Construir | House |
| 6:14 | Construir | House |
| 6:15 | Construir | House |
| 6:18 | Construir | House |
| 6:19 | Construir | House |
| 6:41 | Construir | Settlement |
| 6:56 | Construir | Settlement |
| 7:02 | Crear | Villager (Male) ×5 |
| 7:02 | Crear | Villager (Male) ×5 |
| 7:03 | Crear | Villager (Male) ×5 |
| 7:03 | Crear | Villager (Male) ×5 |
| 7:04 | Crear | Villager (Male) ×5 |
| 7:04 | Crear | Villager (Male) ×5 |
| 7:04 | Crear | Villager (Male) ×5 |
| 7:05 | Crear | Villager (Male) ×5 |
| 7:05 | Crear | Villager (Male) ×5 |
| 7:06 | Crear | Villager (Male) ×5 |
| 7:08 | Crear | Villager (Male) ×5 |
| 7:09 | Crear | Villager (Male) ×5 |
| 7:09 | Crear | Villager (Male) ×5 |
| 7:10 | Crear | Villager (Male) ×5 |
| 7:10 | Crear | Villager (Male) ×5 |
| 7:13 | Construir | Settlement |
| 7:17 | Construir | Settlement |
| 7:26 | Construir | Settlement |
| 7:41 | Construir | House |
| 7:42 | Construir | House |
| 7:43 | Construir | House |
| 7:45 | Construir | House |
| 7:46 | Construir | House |
| 7:47 | Construir | House |
| 8:29 | Construir | Settlement |
| 8:45 | Construir | Settlement |
| 9:03 | Construir | Settlement |
| 9:07 | Construir | Settlement |
| 9:10 | Construir | Settlement |
| 9:14 | Construir | Settlement |
| 9:15 | Construir | Settlement |
| 9:18 | Construir | Settlement |
| 9:30 | Construir | Settlement |
| 9:36 | Construir | Settlement |
| 9:53 | Construir | Stone Wall |
| 10:00 | Construir | House |
Build order — Leonardo
Primeras 150 de 780 acciones detectadas
| 1:41 | Crear | Villager (Male) ×5 |
| 1:42 | Crear | Villager (Male) ×5 |
| 1:42 | Crear | Villager (Male) ×5 |
| 1:58 | Construir | Town Center |
| 2:00 | Construir | Town Center |
| 2:23 | Construir | Market |
| 2:25 | Construir | Market |
| 2:36 | Construir | Town Center |
| 2:40 | Construir | Town Center |
| 2:55 | Crear | Villager (Male) ×5 |
| 2:56 | Crear | Villager (Male) ×5 |
| 2:56 | Crear | Villager (Male) ×5 |
| 2:56 | Crear | Villager (Male) ×3 |
| 3:23 | Construir | Town Center |
| 3:24 | Construir | Town Center |
| 3:28 | Construir | Town Center |
| 3:30 | Construir | Town Center |
| 3:32 | Construir | Town Center |
| 3:36 | Crear | Villager (Male) ×5 |
| 3:37 | Crear | Villager (Male) ×5 |
| 3:37 | Crear | Villager (Male) ×5 |
| 3:37 | Crear | Villager (Male) ×5 |
| 3:38 | Crear | Villager (Male) ×5 |
| 3:38 | Crear | Villager (Male) ×5 |
| 3:38 | Crear | Villager (Male) ×5 |
| 5:33 | Crear | Villager (Male) ×5 |
| 5:34 | Crear | Villager (Male) ×5 |
| 5:34 | Crear | Villager (Male) ×5 |
| 5:34 | Crear | Villager (Male) ×5 |
| 5:35 | Crear | Villager (Male) ×5 |
| 5:35 | Crear | Villager (Male) ×5 |
| 5:35 | Crear | Villager (Male) ×5 |
| 5:36 | Crear | Villager (Male) ×5 |
| 5:36 | Crear | Villager (Male) ×5 |
| 5:36 | Crear | Villager (Male) ×5 |
| 5:37 | Crear | Villager (Male) ×5 |
| 5:37 | Crear | Villager (Male) ×5 |
| 5:37 | Crear | Villager (Male) ×5 |
| 5:41 | Crear | Villager (Male) ×5 |
| 5:41 | Crear | Villager (Male) ×5 |
| 5:50 | Construir | Farm |
| 5:51 | Construir | Farm |
| 5:51 | Construir | Farm |
| 5:52 | Construir | Farm |
| 5:52 | Construir | Farm |
| 5:52 | Construir | Farm |
| 5:53 | Construir | Farm |
| 5:53 | Construir | Farm |
| 5:53 | Construir | Farm |
| 5:54 | Construir | Farm |
| 5:54 | Construir | Farm |
| 5:54 | Construir | Farm |
| 5:55 | Construir | Farm |
| 5:55 | Construir | Farm |
| 5:55 | Construir | Farm |
| 5:56 | Construir | Farm |
| 5:56 | Construir | Farm |
| 6:02 | Construir | Farm |
| 6:03 | Construir | Farm |
| 6:03 | Construir | Farm |
| 6:04 | Construir | Farm |
| 6:04 | Construir | Farm |
| 6:04 | Construir | Farm |
| 6:05 | Construir | Farm |
| 6:05 | Construir | Farm |
| 6:06 | Construir | Farm |
| 6:06 | Construir | Farm |
| 6:06 | Construir | Farm |
| 6:07 | Construir | Farm |
| 6:07 | Construir | Farm |
| 6:07 | Construir | Farm |
| 6:08 | Construir | Farm |
| 6:08 | Construir | Farm |
| 6:18 | Crear | Villager (Male) ×5 |
| 6:18 | Crear | Villager (Male) ×5 |
| 6:18 | Crear | Villager (Male) ×5 |
| 6:39 | Construir | House |
| 6:40 | Construir | House |
| 6:40 | Construir | House |
| 6:40 | Construir | House |
| 6:41 | Construir | House |
| 6:41 | Construir | House |
| 6:41 | Construir | House |
| 6:42 | Construir | House |
| 6:42 | Construir | House |
| 6:43 | Construir | House |
| 6:43 | Construir | House |
| 6:43 | Construir | House |
| 6:44 | Construir | House |
| 6:44 | Construir | House |
| 6:45 | Construir | House |
| 6:45 | Construir | House |
| 6:46 | Construir | House |
| 6:46 | Construir | House |
| 6:46 | Construir | House |
| 6:47 | Construir | House |
| 6:47 | Construir | House |
| 6:47 | Construir | House |
| 6:48 | Construir | House |
| 6:48 | Construir | House |
| 6:49 | Construir | House |
| 6:49 | Construir | House |
| 6:50 | Construir | House |
| 6:50 | Construir | House |
| 6:51 | Construir | House |
| 6:52 | Construir | House |
| 6:52 | Construir | House |
| 6:53 | Construir | House |
| 6:54 | Construir | House |
| 6:54 | Construir | House |
| 6:54 | Construir | House |
| 6:55 | Construir | House |
| 6:55 | Construir | House |
| 6:56 | Construir | House |
| 6:56 | Construir | House |
| 6:57 | Construir | House |
| 6:57 | Construir | House |
| 6:59 | Construir | House |
| 7:11 | Construir | Farm |
| 7:12 | Construir | Farm |
| 7:12 | Construir | Farm |
| 7:12 | Construir | Farm |
| 7:13 | Construir | Farm |
| 7:13 | Construir | Farm |
| 7:14 | Construir | Farm |
| 7:14 | Construir | Farm |
| 7:14 | Construir | Farm |
| 7:15 | Construir | Farm |
| 7:15 | Construir | Farm |
| 7:15 | Construir | Farm |
| 7:16 | Construir | Farm |
| 7:18 | Construir | Farm |
| 7:18 | Construir | Farm |
| 7:18 | Construir | Farm |
| 7:19 | Construir | Farm |
| 7:19 | Construir | Farm |
| 7:19 | Construir | Farm |
| 7:20 | Construir | Farm |
| 7:20 | Construir | Farm |
| 7:20 | Construir | Farm |
| 7:25 | Construir | Farm |
| 7:25 | Construir | Farm |
| 7:25 | Construir | Farm |
| 7:26 | Construir | Farm |
| 7:26 | Construir | Farm |
| 7:26 | Construir | Farm |
| 7:27 | Construir | Farm |
| 7:27 | Construir | Farm |
| 7:27 | Construir | Farm |
| 7:28 | Construir | Farm |
Build order — Val
Primeras 150 de 1146 acciones detectadas
| 0:07 | Construir | Castle |
| 0:08 | Construir | Castle |
| 0:11 | Construir | Castle |
| 0:12 | Construir | Castle |
| 0:14 | Construir | Castle |
| 0:15 | Construir | Castle |
| 0:18 | Construir | Castle |
| 0:19 | Construir | Castle |
| 0:23 | Construir | House |
| 0:25 | Construir | Monastery |
| 0:29 | Crear | Villager (Male) ×5 |
| 0:30 | Crear | Villager (Male) ×5 |
| 0:30 | Crear | Villager (Male) ×5 |
| 0:30 | Crear | Villager (Male) ×5 |
| 0:30 | Crear | Villager (Male) ×5 |
| 0:36 | Construir | Market |
| 0:38 | Construir | Market |
| 0:41 | Construir | House |
| 0:42 | Construir | House |
| 0:43 | Construir | House |
| 0:44 | Construir | House |
| 0:46 | Construir | House |
| 0:46 | Construir | House |
| 0:47 | Construir | House |
| 0:48 | Construir | House |
| 0:49 | Construir | House |
| 0:50 | Construir | House |
| 0:52 | Crear | Monk |
| 0:59 | Construir | Town Center |
| 1:04 | Construir | House |
| 1:05 | Construir | House |
| 1:06 | Construir | House |
| 1:07 | Construir | House |
| 1:08 | Construir | House |
| 1:09 | Construir | House |
| 1:09 | Construir | House |
| 1:10 | Construir | House |
| 1:11 | Construir | House |
| 1:51 | Construir | Town Center |
| 1:55 | Construir | Market |
| 1:57 | Construir | Market |
| 1:59 | Construir | Market |
| 2:01 | Construir | Market |
| 2:03 | Construir | Market |
| 2:05 | Construir | Market |
| 2:11 | Crear | Villager (Male) ×5 |
| 2:12 | Crear | Villager (Male) ×5 |
| 2:12 | Crear | Villager (Male) ×5 |
| 2:12 | Crear | Villager (Male) ×5 |
| 2:13 | Crear | Villager (Male) ×5 |
| 2:26 | Construir | Town Center |
| 2:37 | Construir | Town Center |
| 2:46 | Construir | Lumber Camp |
| 3:07 | Construir | Town Center |
| 3:16 | Crear | Villager (Male) ×5 |
| 3:16 | Crear | Villager (Male) ×5 |
| 3:16 | Crear | Villager (Male) ×5 |
| 3:17 | Crear | Villager (Male) ×5 |
| 3:30 | Construir | Town Center |
| 3:48 | Construir | House |
| 3:49 | Construir | House |
| 3:51 | Construir | House |
| 3:54 | Construir | House |
| 3:54 | Construir | House |
| 3:54 | Construir | House |
| 3:55 | Construir | House |
| 3:55 | Construir | House |
| 3:56 | Construir | House |
| 3:57 | Construir | House |
| 3:57 | Construir | House |
| 3:58 | Construir | House |
| 3:58 | Construir | House |
| 4:00 | Construir | House |
| 4:00 | Construir | House |
| 4:02 | Construir | House |
| 4:02 | Construir | House |
| 4:03 | Construir | House |
| 4:38 | Construir | Town Center |
| 4:40 | Crear | Villager (Male) ×5 |
| 4:41 | Crear | Villager (Male) ×5 |
| 4:41 | Crear | Villager (Male) ×5 |
| 4:41 | Crear | Villager (Male) ×5 |
| 4:44 | Crear | Villager (Male) ×5 |
| 4:44 | Crear | Villager (Male) ×5 |
| 4:44 | Crear | Villager (Male) ×5 |
| 4:45 | Crear | Villager (Male) ×5 |
| 4:47 | Crear | Villager (Male) ×5 |
| 4:48 | Crear | Villager (Male) ×5 |
| 4:48 | Crear | Villager (Male) ×5 |
| 4:48 | Crear | Villager (Male) ×5 |
| 4:53 | Crear | Villager (Male) ×5 |
| 4:53 | Crear | Villager (Male) ×5 |
| 4:54 | Crear | Villager (Male) ×5 |
| 4:54 | Crear | Villager (Male) ×5 |
| 5:03 | Construir | Town Center |
| 5:12 | Construir | Town Center |
| 5:21 | Construir | Town Center |
| 5:28 | Construir | Town Center |
| 5:32 | Construir | Town Center |
| 5:39 | Construir | Town Center |
| 5:53 | Construir | Town Center |
| 6:04 | Construir | Town Center |
| 6:16 | Construir | Town Center |
| 6:28 | Construir | Town Center |
| 6:32 | Crear | Villager (Male) ×5 |
| 6:33 | Crear | Villager (Male) ×5 |
| 6:33 | Crear | Villager (Male) ×5 |
| 6:33 | Crear | Villager (Male) ×5 |
| 6:42 | Construir | Castle |
| 6:43 | Construir | Castle |
| 6:45 | Construir | Castle |
| 6:56 | Crear | Trade Cart ×5 |
| 6:57 | Crear | Trade Cart ×5 |
| 6:57 | Crear | Trade Cart ×5 |
| 6:57 | Crear | Trade Cart ×5 |
| 6:58 | Crear | Trade Cart ×5 |
| 6:58 | Crear | Trade Cart ×5 |
| 6:58 | Crear | Trade Cart ×5 |
| 6:58 | Crear | Trade Cart ×5 |
| 6:59 | Crear | Trade Cart ×5 |
| 6:59 | Crear | Trade Cart ×5 |
| 6:59 | Crear | Trade Cart ×5 |
| 7:00 | Crear | Trade Cart ×5 |
| 7:00 | Crear | Trade Cart ×5 |
| 7:00 | Crear | Trade Cart ×5 |
| 7:01 | Crear | Trade Cart ×5 |
| 7:01 | Crear | Trade Cart ×5 |
| 7:01 | Crear | Trade Cart ×5 |
| 7:02 | Crear | Trade Cart ×5 |
| 7:02 | Crear | Trade Cart ×5 |
| 7:02 | Crear | Trade Cart ×5 |
| 7:02 | Crear | Trade Cart ×5 |
| 7:19 | Crear | Villager (Male) ×5 |
| 7:20 | Crear | Villager (Male) ×5 |
| 7:20 | Crear | Villager (Male) ×5 |
| 7:20 | Crear | Villager (Male) ×5 |
| 7:20 | Crear | Villager (Male) ×5 |
| 7:22 | Crear | Villager (Male) ×5 |
| 7:23 | Crear | Villager (Male) ×5 |
| 7:23 | Crear | Villager (Male) ×5 |
| 7:23 | Crear | Villager (Male) ×5 |
| 7:24 | Crear | Villager (Male) ×5 |
| 7:25 | Crear | Villager (Male) ×5 |
| 7:26 | Crear | Villager (Male) ×5 |
| 7:26 | Crear | Villager (Male) ×5 |
| 7:26 | Crear | Villager (Male) ×5 |
| 7:28 | Crear | Villager (Male) ×5 |
| 7:29 | Crear | Villager (Male) ×5 |
| 7:29 | Crear | Villager (Male) ×5 |
| 7:29 | Crear | Villager (Male) ×5 |
Build order — Kibar Feyzo
Primeras 150 de 874 acciones detectadas
| 0:04 | Construir | Market |
| 0:07 | Crear | Villager (Male) ×5 |
| 0:07 | Crear | Villager (Male) ×5 |
| 0:08 | Crear | Villager (Male) ×5 |
| 0:23 | Construir | Town Center |
| 0:24 | Construir | Town Center |
| 0:26 | Construir | Town Center |
| 0:28 | Construir | Town Center |
| 0:29 | Construir | Town Center |
| 0:31 | Construir | Town Center |
| 0:33 | Construir | Town Center |
| 0:36 | Construir | Town Center |
| 0:37 | Construir | Town Center |
| 0:39 | Construir | Town Center |
| 0:40 | Construir | Town Center |
| 0:43 | Construir | Town Center |
| 0:50 | Construir | Town Center |
| 0:51 | Construir | Town Center |
| 0:52 | Construir | Town Center |
| 0:55 | Construir | Town Center |
| 0:56 | Construir | Town Center |
| 0:57 | Construir | Town Center |
| 0:58 | Construir | Town Center |
| 1:00 | Construir | Town Center |
| 1:01 | Construir | Town Center |
| 1:03 | Construir | Town Center |
| 1:04 | Construir | Town Center |
| 1:06 | Construir | Town Center |
| 1:07 | Construir | Town Center |
| 1:09 | Construir | Town Center |
| 1:10 | Construir | Town Center |
| 1:12 | Construir | Town Center |
| 1:31 | Construir | Market |
| 1:33 | Construir | Market |
| 1:42 | Crear | Villager (Male) ×5 |
| 1:43 | Crear | Villager (Male) ×5 |
| 1:43 | Crear | Villager (Male) ×5 |
| 1:43 | Crear | Villager (Male) ×5 |
| 1:44 | Crear | Villager (Male) ×5 |
| 1:44 | Crear | Villager (Male) ×5 |
| 1:44 | Crear | Villager (Male) ×5 |
| 1:45 | Crear | Villager (Male) ×5 |
| 1:45 | Crear | Villager (Male) ×5 |
| 1:51 | Construir | House |
| 1:52 | Construir | House |
| 1:52 | Construir | House |
| 1:53 | Construir | House |
| 1:53 | Construir | House |
| 1:53 | Construir | House |
| 1:54 | Construir | House |
| 1:54 | Construir | House |
| 1:54 | Construir | House |
| 1:55 | Construir | House |
| 1:55 | Construir | House |
| 1:55 | Construir | House |
| 1:56 | Construir | House |
| 1:56 | Construir | House |
| 1:57 | Construir | House |
| 1:57 | Construir | House |
| 1:57 | Construir | House |
| 1:57 | Construir | House |
| 2:06 | Crear | Villager (Male) ×5 |
| 2:06 | Crear | Villager (Male) ×5 |
| 2:07 | Crear | Villager (Male) ×5 |
| 2:07 | Crear | Villager (Male) ×5 |
| 2:07 | Crear | Villager (Male) ×5 |
| 2:07 | Crear | Villager (Male) ×5 |
| 2:08 | Crear | Villager (Male) ×5 |
| 2:08 | Crear | Villager (Male) ×5 |
| 2:08 | Crear | Villager (Male) ×5 |
| 2:09 | Crear | Villager (Male) ×5 |
| 2:09 | Crear | Villager (Male) ×5 |
| 2:09 | Crear | Villager (Male) ×5 |
| 2:10 | Crear | Villager (Male) ×5 |
| 2:10 | Crear | Villager (Male) ×5 |
| 2:33 | Crear | Villager (Male) ×5 |
| 2:33 | Crear | Villager (Male) ×5 |
| 2:34 | Crear | Villager (Male) ×5 |
| 2:34 | Crear | Villager (Male) ×5 |
| 2:34 | Crear | Villager (Male) ×5 |
| 2:34 | Crear | Villager (Male) ×5 |
| 2:35 | Crear | Villager (Male) ×5 |
| 2:35 | Crear | Villager (Male) ×5 |
| 2:35 | Crear | Villager (Male) ×5 |
| 2:36 | Crear | Villager (Male) ×5 |
| 3:21 | Crear | Villager (Male) ×5 |
| 3:22 | Crear | Villager (Male) ×5 |
| 3:22 | Crear | Villager (Male) ×5 |
| 3:22 | Crear | Villager (Male) ×5 |
| 3:23 | Crear | Villager (Male) ×5 |
| 3:23 | Crear | Villager (Male) ×5 |
| 3:23 | Crear | Villager (Male) ×5 |
| 3:23 | Crear | Villager (Male) ×5 |
| 3:31 | Construir | Market |
| 3:32 | Construir | Market |
| 3:32 | Construir | Market |
| 3:33 | Construir | Market |
| 3:33 | Construir | Market |
| 3:33 | Construir | Market |
| 3:34 | Construir | Market |
| 3:34 | Construir | Market |
| 3:35 | Construir | Market |
| 3:35 | Construir | Market |
| 3:35 | Construir | Market |
| 3:36 | Construir | Market |
| 3:36 | Construir | Market |
| 3:37 | Construir | Market |
| 3:38 | Construir | Market |
| 3:38 | Construir | Market |
| 3:38 | Construir | Market |
| 3:39 | Construir | Market |
| 3:39 | Construir | Market |
| 3:41 | Construir | Market |
| 3:41 | Construir | Market |
| 3:41 | Construir | Market |
| 3:42 | Construir | Market |
| 3:42 | Construir | Market |
| 4:02 | Construir | Lumber Camp |
| 4:03 | Construir | Lumber Camp |
| 4:03 | Construir | Lumber Camp |
| 4:04 | Construir | Lumber Camp |
| 4:05 | Construir | Lumber Camp |
| 4:05 | Construir | Lumber Camp |
| 4:06 | Construir | Lumber Camp |
| 4:06 | Construir | Lumber Camp |
| 4:06 | Construir | Lumber Camp |
| 4:06 | Construir | Lumber Camp |
| 4:07 | Construir | Lumber Camp |
| 4:09 | Construir | Lumber Camp |
| 4:10 | Construir | Lumber Camp |
| 4:11 | Construir | Lumber Camp |
| 4:11 | Construir | Lumber Camp |
| 4:11 | Construir | Lumber Camp |
| 4:12 | Construir | Lumber Camp |
| 4:12 | Construir | Lumber Camp |
| 4:12 | Construir | Lumber Camp |
| 4:16 | Construir | Lumber Camp |
| 4:17 | Construir | Lumber Camp |
| 4:26 | Crear | Villager (Male) ×5 |
| 4:26 | Crear | Villager (Male) ×5 |
| 4:27 | Crear | Villager (Male) ×5 |
| 4:27 | Crear | Villager (Male) ×5 |
| 4:27 | Crear | Villager (Male) ×5 |
| 4:27 | Crear | Villager (Male) ×5 |
| 4:27 | Crear | Villager (Male) ×5 |
| 4:28 | Crear | Villager (Male) ×5 |
| 4:28 | Crear | Villager (Male) ×5 |
| 4:28 | Crear | Villager (Male) ×5 |
| 4:29 | Crear | Villager (Male) ×5 |
| 4:29 | Crear | Villager (Male) ×5 |
Cronología de la partida
| 0:07 | Val · first_building Castle |
| 0:15 | V N D I S P V T E D · first_market_buy 500 stone |
| 0:16 | V N D I S P V T E D · first_market_sell 500 food |
| 0:18 | Kibar Feyzo · first_market_buy 500 stone |
| 0:25 | Val · first_building Monastery |
| 2:57 | Val · first_market_buy 500 stone |
| 3:29 | DLR_YOYO · wall_segment Stone Wall x55 |
| 6:21 | Ecbert · wall_segment Stone Wall x1 |
| 7:07 | Ecbert · wall_segment Stone Wall x2 |
| 7:10 | V N D I S P V T E D · wall_segment Stone Wall x27 |
| 7:12 | Ecbert · wall_segment Stone Wall x63 |
| 7:13 | V N D I S P V T E D · first_building Castle |
| 7:26 | V N D I S P V T E D · first_building Siege Workshop |
| 7:57 | Kibar Feyzo · first_building Castle |
| 8:30 | V N D I S P V T E D · first_building Barracks |
| 8:39 | Val · wall_segment Stone Wall x37 |
| 8:45 | rushwarwarrior · wall_segment Stone Wall x33 |
| 8:48 | Val · wall_segment Stone Wall x7 |
| 8:48 | rushwarwarrior · wall_segment Stone Wall x21 |
| 8:51 | Ecbert · wall_segment Stone Wall x15 |
| 8:52 | rushwarwarrior · wall_segment Stone Wall x13 |
| 8:53 | Val · wall_segment Stone Wall x29 |
| 8:57 | rushwarwarrior · wall_segment Stone Wall x56 |
| 9:01 | V N D I S P V T E D · first_building Monastery |
| 9:02 | rushwarwarrior · wall_segment Stone Wall x10 |
| 9:06 | rushwarwarrior · wall_segment Stone Wall x12 |
| 9:16 | Ecbert · first_building Castle |
| 9:53 | DLR_YOYO · wall_segment Stone Wall x21 |
| 10:25 | muendo · wall_segment Stone Wall x42 |
| 10:27 | muendo · wall_segment Stone Wall x5 |
| 10:29 | muendo · wall_segment Stone Wall x5 |
| 10:29 | Val · first_building Siege Workshop |
| 10:30 | Ecbert · first_building Stable |
| 11:17 | muendo · wall_segment Stone Wall x64 |
| 11:26 | Ecbert · first_building Siege Workshop |
| 11:43 | Kibar Feyzo · wall_segment Stone Wall x11 |
| 11:45 | Kibar Feyzo · wall_segment Stone Wall x18 |
| 12:09 | muendo · wall_segment Stone Wall x4 |
| 12:11 | muendo · wall_segment Stone Wall x9 |
| 12:13 | muendo · wall_segment Stone Wall x5 |
| 12:23 | V N D I S P V T E D · first_building Archery Range |
| 12:23 | Kibar Feyzo · wall_segment Stone Wall x11 |
| 12:26 | Kibar Feyzo · wall_segment Stone Wall x8 |
| 12:29 | Kibar Feyzo · wall_segment Stone Wall x9 |
| 12:47 | muendo · first_building Castle |
| 12:48 | DLR_YOYO · wall_segment Stone Wall x26 |
| 12:48 | V N D I S P V T E D · wall_segment Stone Wall x29 |
| 12:58 | V N D I S P V T E D · wall_segment Stone Wall x30 |
| 13:01 | rushwarwarrior · first_building Castle |
| 13:05 | DLR_YOYO · wall_segment Stone Wall x7 |
| 13:57 | Ecbert · first_building Archery Range |
| 13:57 | V N D I S P V T E D · wall_segment Stone Wall x1 |
| 13:58 | V N D I S P V T E D · wall_segment Stone Wall x3 |
| 14:00 | V N D I S P V T E D · wall_segment Stone Wall x12 |
| 14:01 | rushwarwarrior · first_building Siege Workshop |
| 14:10 | Ecbert · wall_segment Stone Wall x62 |
| 14:10 | DLR_YOYO · first_building Archery Range |
| 14:43 | Ecbert · wall_segment Stone Wall x34 |
| 14:47 | Ecbert · wall_segment Stone Wall x53 |
| 15:06 | Kibar Feyzo · first_building Siege Workshop |
| 15:08 | muendo · wall_segment Stone Wall x47 |
| 15:09 | Leonardo · wall_segment Stone Wall x34 |
| 15:12 | muendo · wall_segment Stone Wall x13 |
| 15:14 | Val · wall_segment Stone Wall x25 |
| 15:23 | Val · wall_segment Stone Wall x1 |
| 15:26 | Leonardo · wall_segment Stone Wall x48 |
| 15:34 | rushwarwarrior · wall_segment Stone Wall x15 |
| 15:45 | Val · wall_segment Stone Wall x13 |
| 15:49 | Ecbert · wall_segment Stone Wall x18 |
| 15:52 | Val · wall_segment Stone Wall x6 |
| 15:54 | rushwarwarrior · wall_segment Stone Wall x10 |
| 15:59 | rushwarwarrior · wall_segment Stone Wall x62 |
| 16:01 | rushwarwarrior · wall_segment Stone Wall x9 |
| 16:05 | Val · wall_segment Stone Wall x10 |
| 16:15 | Val · wall_segment Stone Wall x13 |
| 16:20 | muendo · wall_segment Stone Wall x42 |
| 16:24 | muendo · wall_segment Stone Wall x8 |
| 16:26 | muendo · wall_segment Stone Wall x6 |
| 16:27 | Val · wall_segment Stone Wall x1 |
| 16:28 | Ecbert · first_building Barracks |
| 16:29 | Val · wall_segment Stone Wall x9 |
| 16:52 | rushwarwarrior · wall_segment Stone Wall x14 |
| 16:55 | rushwarwarrior · wall_segment Stone Wall x7 |
| 16:58 | rushwarwarrior · wall_segment Stone Wall x10 |
| 17:06 | V N D I S P V T E D · wall_segment Stone Wall x63 |
| 17:07 | V N D I S P V T E D · wall_segment Stone Wall x1 |
| 17:10 | Val · wall_segment Stone Wall x24 |
| 17:14 | Kibar Feyzo · first_building Stable |
| 17:27 | Leonardo · wall_segment Stone Wall x3 |
| 17:35 | Leonardo · wall_segment Stone Wall x5 |
| 17:44 | muendo · wall_segment Stone Wall x25 |
| 17:48 | muendo · wall_segment Stone Wall x8 |
| 17:55 | muendo · wall_segment Stone Wall x8 |
| 17:57 | muendo · wall_segment Stone Wall x3 |
| 18:03 | Ecbert · wall_segment Stone Wall x6 |
| 18:14 | Kibar Feyzo · wall_segment Stone Wall x54 |
| 18:20 | rushwarwarrior · first_building Stable |
| 18:25 | V N D I S P V T E D · wall_segment Stone Wall x8 |
| 18:26 | V N D I S P V T E D · wall_segment Stone Wall x3 |
| 18:32 | rushwarwarrior · first_building Archery Range |
| 18:33 | V N D I S P V T E D · wall_segment Stone Wall x8 |
| 18:41 | Val · first_building Stable |
| 18:42 | muendo · first_building Stable |
| 18:43 | V N D I S P V T E D · wall_segment Stone Wall x27 |
| 18:54 | DLR_YOYO · first_building Barracks |
| 19:00 | muendo · first_building Siege Workshop |
| 19:00 | rushwarwarrior · wall_segment Stone Wall x14 |
| 19:05 | Val · wall_segment Stone Wall x6 |
| 19:08 | V N D I S P V T E D · first_building Stable |
| 19:10 | DLR_YOYO · first_building Castle |
| 19:12 | Ecbert · wall_segment Stone Wall x30 |
| 19:13 | Leonardo · first_building Castle |
| 19:25 | Ecbert · wall_segment Stone Wall x23 |
| 19:31 | DLR_YOYO · wall_segment Stone Wall x31 |
| 19:36 | DLR_YOYO · wall_segment Stone Wall x13 |
| 19:41 | V N D I S P V T E D · wall_segment Stone Wall x3 |
| 19:58 | V N D I S P V T E D · wall_segment Stone Wall x4 |
| 20:24 | muendo · wall_segment Stone Wall x24 |
| 20:26 | V N D I S P V T E D · wall_segment Stone Wall x50 |
| 20:27 | muendo · wall_segment Stone Wall x13 |
| 20:28 | Leonardo · wall_segment Stone Wall x3 |
| 20:33 | muendo · wall_segment Stone Wall x20 |
| 20:47 | V N D I S P V T E D · wall_segment Stone Wall x42 |
| 20:47 | Leonardo · first_building Stable |
| 21:06 | V N D I S P V T E D · wall_segment Stone Wall x18 |
| 21:08 | V N D I S P V T E D · wall_segment Stone Wall x3 |
| 21:16 | V N D I S P V T E D · wall_segment Stone Wall x1 |
| 21:31 | rushwarwarrior · wall_segment Stone Wall x1 |
| 21:36 | DLR_YOYO · wall_segment Stone Wall x13 |
| 21:50 | DLR_YOYO · wall_segment Stone Wall x16 |
| 22:45 | Leonardo · wall_segment Stone Wall x7 |
| 23:33 | V N D I S P V T E D · wall_segment Stone Wall x30 |
| 23:35 | V N D I S P V T E D · wall_segment Stone Wall x2 |
| 23:50 | rushwarwarrior · wall_segment Stone Wall x9 |
| 23:54 | rushwarwarrior · wall_segment Stone Wall x36 |
| 23:57 | rushwarwarrior · wall_segment Stone Wall x16 |
| 24:23 | DLR_YOYO · wall_segment Stone Wall x7 |
| 24:28 | DLR_YOYO · wall_segment Stone Wall x24 |
| 25:38 | rushwarwarrior · wall_segment Stone Wall x25 |
| 26:15 | Leonardo · first_building Archery Range |
| 26:21 | Leonardo · first_building Barracks |
| 27:01 | Ecbert · first_market_buy 500 stone |
| 27:04 | DLR_YOYO · first_building Siege Workshop |
| 27:14 | Leonardo · first_building Siege Workshop |
| 28:24 | Ecbert · wall_segment Stone Wall x15 |
| 28:32 | Ecbert · wall_segment Stone Wall x63 |
| 31:58 | muendo · wall_segment Stone Wall x8 |
| 33:56 | Kibar Feyzo · wall_segment Stone Wall x26 |
| 34:32 | Val · wall_segment Stone Wall x15 |
| 34:44 | Ecbert · wall_segment Stone Wall x29 |
| 34:48 | Ecbert · wall_segment Stone Wall x30 |
| 35:46 | muendo · wall_segment Stone Wall x11 |
| 35:50 | muendo · wall_segment Stone Wall x6 |
| 36:37 | Ecbert · wall_segment Stone Wall x16 |
| 36:40 | Ecbert · wall_segment Stone Wall x13 |
| 37:08 | muendo · wall_segment Stone Wall x6 |
| 37:13 | muendo · wall_segment Stone Wall x5 |
| 37:21 | muendo · wall_segment Stone Wall x13 |
| 37:24 | Leonardo · wall_segment Stone Wall x25 |
| 37:40 | muendo · wall_segment Stone Wall x6 |
| 37:41 | rushwarwarrior · wall_segment Stone Wall x22 |
| 37:57 | muendo · wall_segment Stone Wall x1 |
| 39:01 | muendo · wall_segment Stone Wall x3 |
| 39:18 | muendo · wall_segment Stone Wall x14 |
| 41:49 | rushwarwarrior · wall_segment Stone Wall x1 |
| 42:03 | Ecbert · wall_segment Stone Wall x30 |
| 43:29 | muendo · tribute_sent a jugador 2 |
| 43:29 | muendo · tribute_sent a jugador 3 |
| 43:29 | muendo · tribute_sent a jugador 4 |
| 43:29 | muendo · tribute_sent a jugador 5 |
| 43:29 | muendo · tribute_sent a jugador 6 |
| 43:29 | muendo · tribute_sent a jugador 7 |
| 43:29 | muendo · tribute_sent a jugador 8 |
| 43:32 | Kibar Feyzo · tribute_sent a jugador 1 |
| 43:32 | Kibar Feyzo · tribute_sent a jugador 2 |
| 43:32 | Kibar Feyzo · tribute_sent a jugador 3 |
| 43:32 | Kibar Feyzo · tribute_sent a jugador 4 |
| 43:32 | Kibar Feyzo · tribute_sent a jugador 5 |
| 43:32 | Kibar Feyzo · tribute_sent a jugador 6 |
| 43:32 | Kibar Feyzo · tribute_sent a jugador 7 |
| 43:34 | Ecbert · tribute_sent a jugador 1 |
| 43:34 | Ecbert · tribute_sent a jugador 2 |
| 43:34 | Ecbert · tribute_sent a jugador 4 |
| 43:34 | Ecbert · tribute_sent a jugador 5 |
| 43:34 | Ecbert · tribute_sent a jugador 6 |
| 43:34 | Ecbert · tribute_sent a jugador 7 |
| 43:34 | Ecbert · tribute_sent a jugador 8 |
| 44:22 | muendo · wall_segment Stone Wall x5 |
| 45:16 | Kibar Feyzo · tribute_sent a jugador 1 |
| 45:16 | Kibar Feyzo · tribute_sent a jugador 2 |
| 45:16 | Kibar Feyzo · tribute_sent a jugador 3 |
| 45:16 | Kibar Feyzo · tribute_sent a jugador 4 |
| 45:16 | Kibar Feyzo · tribute_sent a jugador 5 |
| 45:16 | Kibar Feyzo · tribute_sent a jugador 6 |
| 45:16 | Kibar Feyzo · tribute_sent a jugador 7 |
| 46:38 | rushwarwarrior · tribute_sent a jugador 1 |
| 46:38 | rushwarwarrior · tribute_sent a jugador 3 |
| 46:38 | rushwarwarrior · tribute_sent a jugador 4 |
| 46:38 | rushwarwarrior · tribute_sent a jugador 5 |
| 46:38 | rushwarwarrior · tribute_sent a jugador 6 |
| 46:38 | rushwarwarrior · tribute_sent a jugador 7 |
| 46:38 | rushwarwarrior · tribute_sent a jugador 8 |
| 46:43 | DLR_YOYO · tribute_sent a jugador 1 |
| 46:43 | DLR_YOYO · tribute_sent a jugador 2 |
| 46:43 | DLR_YOYO · tribute_sent a jugador 3 |
| 46:43 | DLR_YOYO · tribute_sent a jugador 5 |
| 46:43 | DLR_YOYO · tribute_sent a jugador 6 |
| 46:43 | DLR_YOYO · tribute_sent a jugador 7 |
| 46:43 | DLR_YOYO · tribute_sent a jugador 8 |
| 46:54 | Leonardo · tribute_sent a jugador 1 |
| 46:54 | Leonardo · tribute_sent a jugador 2 |
| 46:54 | Leonardo · tribute_sent a jugador 3 |
| 46:54 | Leonardo · tribute_sent a jugador 4 |
| 46:54 | Leonardo · tribute_sent a jugador 5 |
| 46:54 | Leonardo · tribute_sent a jugador 7 |
| 46:54 | Leonardo · tribute_sent a jugador 8 |
| 50:41 | muendo · first_market_buy 500 stone |
| 51:00 | rushwarwarrior · resign |
[ ANÁLISIS IA · 1 CRÉDITO ]
¿Qué pasó realmente en esta partida?
Wolo.gg analiza cada decisión: build order, eco, micro, errores típicos por bracket. Análisis personalizado por WhatsApp o Discord en 30 segundos.
Guía civ
Godos
Perfil
Jugador #985666